[Event "ICC tourney 1955 (60 10)"]
[Site "Internet Chess Club"]
[Date "2020.08.09"]
[Round "7"]
[White "dswang"]
[Black "runtilmorrow1"]
[Result "1/2-1/2"]
[ICCResult "Game drawn by repetition"]
[WhiteElo "1829"]
[BlackElo "2033"]
[Opening "Sicilian: dragon, classical attack"]
[ECO "B73"]
[NIC "SI.15"]
[Time "12:02:30"]
[TimeControl "3600+10"]

1. e4 c5 2. Nf3 d6 3. d4 cxd4 4. Nxd4 Nf6 5. Nc3 g6 6. Be2 Bg7 7. Be3 O-O 8.
O-O Nc6 9. Kh1 d5 10. exd5 Nxd5 11. Nxd5 Qxd5 12. Bf3 Qd7 13. Nxc6 bxc6 14.
c3 Rb8 15. Qc2 Qb7 16. b3 Be6 17. Rac1 Bd5 18. Qe2 Rfd8 19. c4 Bxf3 20. Qxf3
a5 21. Rb1 Qa6 22. Qe4 e5 23. Rfd1 a4 24. Rxd8+ Rxd8 25. b4 a3 26. b5 cxb5
27. cxb5 Qxb5 28. h3 Qe2 29. Qh4 Rc8 30. Qb4 Qxa2 31. Bc1 Qc2 32. Be3 a2 33.
Ra1 e4 34. Bd4 Bxd4 35. Qxd4 Rb8 36. Kh2 Qb2 37. Qd1 Qxf2 38. Qd6 Qb2 39.
Rxa2 Qb6 40. Qe5 Qb7 41. Re2 f5 42. Rc2 e3 43. Rc7 Qxc7 44. Qxc7 Re8 45. Qd7
Re4 46. Qc8+ Kg7 47. Qc7+ Kf6 48. Qc3+ Kg5 49. Qe1 e2 50. Kg3 h5 51. Kf2 h4
52. Qc1+ Kh5 53. Ke1 Re7 54. Qc5 Re4 55. Qd5 Kg5 56. Qd8+ Kh5 57. Qh8+ Kg5
58. Qd8+ Kh5 59. Qh8+ Kg5 60. Qd8+ Kh5 61. Qh8+ {Game drawn by repetition}
1/2-1/2

[Event "ICC tourney 1955 (60 10)"]
[Site "Internet Chess Club"]
[Date "2020.08.09"]
[Round "7"]
[White "StarWaricc"]
[Black "icyblizzard"]
[Result "0-1"]
[ICCResult "White forfeits on time"]
[WhiteElo "1663"]
[BlackElo "2127"]
[Opening "Grünfeld: 5.e3"]
[ECO "D94"]
[NIC "GI.09"]
[Time "12:03:14"]
[TimeControl "3600+10"]

1. d4 Nf6 2. c4 g6 3. Nc3 d5 4. e3 Bg7 5. Nf3 O-O 6. Be2 c5 7. O-O cxd4 8.
exd4 Nc6 9. Bg5 Be6 10. cxd5 Nxd5 11. Re1 Rc8 12. Rc1 Nxc3 13. bxc3 Bxa2 14.
Qd2 Bd5 15. Rb1 Rc7 16. h3 Na5 17. Bf4 Rd7 18. Bb5 Bc6 19. Bxc6 Nxc6 20. Rb2
b6 21. Ra2 Re8 22. Qc1 e6 23. Bg5 Bf6 24. Bxf6 Qxf6 25. Ne5 Nxe5 26. Rxe5
Rc8 27. Qb2 Rdc7 28. Re3 Qd8 29. Ra3 Qd7 30. Qa2 a5 31. Qb2 Rc6 32. Rb3 Qa7
33. Rb5 a4 34. Qa3 Rc4 35. Rd3 Qa6 36. Rb2 b5 37. Re3 Qa5 38. Rb3 Qb6 39.
Rb2 Qc6 40. Rb1 Kg7 41. Rb4 Rxb4 42. Qxb4 Qc4 43. Qb2 Qb3 44. Qa1 Rc4 45.
Kh2 a3 46. Qe1 a2 47. Rd3 Qa3 48. Rd1 Qd6+ 49. g3 Kg8 50. Ra1 Ra4 51. Qe2
Qd5 52. h4 h6 53. Qd2 Kh7 54. Qe2 Ra7 55. Qb2 Qc4 {White forfeits on time}
0-1

[Event "ICC tourney 1955 (60 10)"]
[Site "Internet Chess Club"]
[Date "2020.08.09"]
[Round "7"]
[White "dzchess01"]
[Black "ikeepchecking"]
[Result "1-0"]
[ICCResult "Black resigns"]
[WhiteElo "1863"]
[BlackElo "2005"]
[Opening "Caro-Kann: Tartakower (Nimzovich) variation"]
[ECO "B15"]
[NIC "CK.06"]
[Time "12:02:51"]
[TimeControl "3600+10"]

1. e4 c6 2. d4 d5 3. Nc3 dxe4 4. Nxe4 Nf6 5. Nxf6+ exf6 6. c3 Bd6 7. Bd3 O-O
8. Ne2 Re8 9. O-O Nd7 10. Qc2 Nf8 11. Ng3 Qc7 12. f4 g6 13. Ne4 Be7 14. Bd2
f5 15. Ng5 Ne6 16. Rae1 Bd6 17. g3 Bd7 18. Nf3 b5 19. Be3 a6 20. Ne5 Bc8 21.
c4 Bb7 22. c5 Bf8 23. Qf2 Rad8 24. Rd1 Qa5 25. b3 Rd5 26. Qb2 Red8 27. b4
Qc7 28. Bc2 Ra8 29. Bb3 Rdd8 30. Rfe1 Bg7 31. Bf2 Bxe5 32. Rxe5 Qd7 33. Qe2
Re8 34. d5 cxd5 35. Bxd5 Nxf4 36. gxf4 Bxd5 37. Rdxd5 Qxd5 38. Rxe8+ Kg7 39.
Qe5+ Qxe5 40. Rxe5 a5 41. a3 axb4 42. axb4 Ra1+ 43. Re1 Ra4 44. c6 Kf8 45.
c7 Ra8 46. Bc5+ Kg7 47. Rd1 Rc8 48. Bb6 Ra8 49. Rd8 Ra1+ 50. Kg2 Ra2+ 51.
Bf2 {Black resigns} 1-0

[Event "ICC tourney 1955 (60 10)"]
[Site "Internet Chess Club"]
[Date "2020.08.09"]
[Round "7"]
[White "justice02"]
[Black "zchen15"]
[Result "0-1"]
[ICCResult "White resigns"]
[WhiteElo "1822"]
[BlackElo "1990"]
[Opening "Sicilian: Kan, 5.Nc3"]
[ECO "B43"]
[NIC "SI.43"]
[Time "12:03:13"]
[TimeControl "3600+10"]

1. e4 c5 2. Nf3 e6 3. Nc3 a6 4. d4 cxd4 5. Nxd4 Qc7 6. Be2 Nf6 7. Qd3 b5 8.
a3 Bb7 9. Bg5 Nc6 10. Bxf6 gxf6 11. Nxc6 Bxc6 12. Bf3 Qe5 13. Rd1 Bc5 14.
O-O h5 15. Rfe1 h4 16. Nd5 Kf8 17. Qc3 Qxc3 18. Nxc3 h3 19. b4 Be7 20. g3 a5
21. bxa5 Rxa5 22. Be2 b4 23. axb4 Bxb4 24. Rd3 Rc5 25. Rb1 Bxc3 26. Rb3 Ba5
27. Ra3 Bc7 28. Ra2 Bxe4 29. Rxd7 Ke8 30. Rd4 Bd5 31. c4 Bg2 32. f3 Ke7 33.
Rad2 Rd8 34. Rxd8 Bxd8 35. Rd4 Re5 36. Rd2 Bb6+ {White resigns} 0-1

[Event "ICC tourney 1955 (60 10)"]
[Site "Internet Chess Club"]
[Date "2020.08.09"]
[Round "7"]
[White "closedforce"]
[Black "MikeWMason"]
[Result "1-0"]
[ICCResult "Black checkmated"]
[WhiteElo "1915"]
[BlackElo "1754"]
[Opening "QGD: Albin counter-gambit, 5.g3"]
[ECO "D09"]
[NIC "QG.02"]
[Time "12:02:46"]
[TimeControl "3600+10"]

1. d4 d5 2. c4 e5 3. dxe5 d4 4. Nf3 Nc6 5. g3 Nge7 6. Bg2 Be6 7. b3 Ng6 8.
Bb2 Bb4+ 9. Nbd2 Qd7 10. a3 Be7 11. Rc1 Bh3 12. O-O h5 13. b4 h4 14. e6 Bxe6
15. b5 Bh3 16. bxc6 bxc6 17. Bxd4 Bxg2 18. Kxg2 hxg3 19. fxg3 Qg4 20. e3 Bd6
21. Qe1 Qh3+ 22. Kg1 O-O-O 23. c5 Nh4 24. Nxh4 Rxh4 25. Nf3 Rg4 26. cxd6
Rxd6 27. Qf2 Rdg6 28. Be5 Rh6 29. Qg2 Qh5 30. Bf4 Rh8 31. Ne5 Rxf4 32. exf4
Rd8 33. Qxc6 Rd2 34. Qxc7# {Black checkmated} 1-0

[Event "ICC tourney 1955 (60 10)"]
[Site "Internet Chess Club"]
[Date "2020.08.09"]
[Round "7"]
[White "kralj8"]
[Black "lemonoosa"]
[Result "1/2-1/2"]
[ICCResult "Game drawn by mutual agreement"]
[WhiteElo "1804"]
[BlackElo "2030"]
[Opening "Caro-Kann: two knights, 3...Bg4"]
[ECO "B11"]
[NIC "CK.01"]
[Time "12:03:08"]
[TimeControl "3600+10"]

1. e4 c6 2. Nc3 d5 3. Nf3 Bg4 4. h3 Bxf3 5. Qxf3 Nf6 6. d4 dxe4 7. Qe3 Nbd7
8. Nxe4 e6 9. Bd3 Nxe4 10. Qxe4 Nf6 11. Qf3 Qxd4 12. Bd2 Qxb2 13. O-O Bd6
14. Rfe1 Qb6 15. Bc3 Be7 16. Qg3 O-O 17. Rab1 Qc5 18. Bb4 Qxb4 19. Rxb4 Bxb4
20. Rb1 a5 21. c3 Bxc3 22. Rxb7 Bd4 23. Qh4 Rad8 24. Bc2 Rd5 25. Rb3 Rfd8
26. Rf3 Rh5 27. Qf4 e5 28. Qc1 e4 29. Rb3 Rc5 30. Qb1 Re5 31. Rb8 Rxb8 32.
Qxb8+ Re8 33. Qc7 e3 34. fxe3 Bxe3+ 35. Kf1 Bd2 36. Qxc6 h6 37. g3 Bb4 38.
Bb3 Re7 39. Qa8+ Kh7 40. Bc2+ g6 41. Qc6 Kg7 42. g4 Nd7 43. Kf2 Nf8 44. a3
Be1+ 45. Kf1 Ne6 46. Qd6 Bh4 47. Qe5+ Bf6 48. Qxa5 Nf4 49. Qb4 Nxh3 50. a4
Rc7 51. Bb3 Rc3 52. Qb7 Ng5 53. a5 Rc1+ 54. Ke2 Rb1 55. Qd5 Ne6 56. Kd2 Bd4
57. a6 Rb2+ 58. Kc1 Rf2 59. Qd7 Be3+ 60. Kb1 Nc5 61. Qc6 Nxb3 62. Qc3+ Bd4
63. Qxb3 Rf1+ 64. Kc2 Ra1 65. Kd3 Rxa6 66. Kxd4 Re6 67. Qb8 g5 68. Kd5 Rf6
69. Qe5 Kg6 70. Qe8 Kg7 71. Qd8 Rf4 72. Qc8 Rf3 73. Ke4 Rf4+ 74. Ke3 Kh7 75.
Qf8 Rf6 76. Ke4 Rf4+ 77. Ke5 Rf1 78. Kd6 Rd1+ 79. Ke5 Re1+ 80. Kd4 Rd1+ 81.
Ke3 Rf1 82. Ke2 Rf4 83. Ke3 Rf1 84. Qd8 Rf4 85. Qd7 Kg7
{Game drawn by mutual agreement}
1/2-1/2

[Event "ICC tourney 1955 (60 10)"]
[Site "Internet Chess Club"]
[Date "2020.08.09"]
[Round "7"]
[White "Zuiopal"]
[Black "LawrenceTu"]
[Result "0-1"]
[ICCResult "White resigns"]
[WhiteElo "1718"]
[BlackElo "1902"]
[Opening "QGD: semi-Slav"]
[ECO "D31"]
[NIC "SL.06"]
[Time "12:02:25"]
[TimeControl "3600+10"]

1. d4 d5 2. c4 e6 3. Nc3 c6 4. cxd5 exd5 5. Bf4 Nf6 6. e3 Bd6 7. Bxd6 Qxd6
8. Bd3 Nbd7 9. Qc2 O-O 10. Nge2 h6 11. h3 a6 12. O-O b5 13. a3 Bb7 14. b4 a5
15. Rab1 Nb6 16. Rfd1 Bc8 17. Kh1 Bd7 18. Rb2 Nc4 19. Bxc4 bxc4 20. Ng3 axb4
21. axb4 Rfb8 22. Rdb1 Ra7 23. Na4 Ne8 24. Ne2 Qf6 25. f3 Nd6 26. Nec3 Bf5
27. e4 Bg6 28. Nc5 Qxd4 29. Rd1 Qe5 30. Qd2 Nb5 31. Nxb5 Rxb5 32. Qd4 Qxd4
33. Rxd4 Ra3 34. Kg1 Kf8 35. Kf2 Ke7 36. g4 Kd6 37. f4 Rxh3 38. e5+ Kc7 39.
Kg2 Ra3 40. f5 Bh7 41. e6 fxe6 42. fxe6 c3 43. e7 Ra8 44. Re2 c2 45. Ne6+
Kd6 46. Re1 Re8 47. Nxg7 Rxe7 48. Rxe7 Kxe7 49. Nf5+ Bxf5 50. gxf5 c1=Q 51.
f6+ Kxf6 52. Rg4 Qc2+ 53. Kh3 Qf5 54. Kh4 Qxg4+ 55. Kxg4 Rxb4+ 56. Kf3 h5
57. Kg2 c5 58. Kf2 Re4 59. Kg2 c4 60. Kf2 c3 61. Kg2 c2 62. Kf2 c1=Q
{White resigns}
0-1

[Event "ICC tourney 1955 (60 10)"]
[Site "Internet Chess Club"]
[Date "2020.08.09"]
[Round "7"]
[White "andrewf2009"]
[Black "watermelon"]
[Result "0-1"]
[ICCResult "White resigns"]
[WhiteElo "1834"]
[BlackElo "1737"]
[Opening "French: exchange variation"]
[ECO "C01"]
[NIC "FR.01"]
[Time "12:02:38"]
[TimeControl "3600+10"]

1. e4 e6 2. d4 d5 3. exd5 exd5 4. Nf3 Nc6 5. Bb5 Bd6 6. O-O Ne7 7. c4 dxc4
8. d5 Nxd5 9. Qe2+ Ne7 10. Qxc4 O-O 11. Nc3 a6 12. Bxc6 Nxc6 13. Bg5 Qd7 14.
Rad1 Qg4 15. Qxg4 Bxg4 16. h3 Bxf3 17. gxf3 Ne5 18. Kg2 f5 19. f4 Ng6 20. h4
Bxf4 21. Bxf4 Nxf4+ 22. Kf3 Ng6 23. h5 Ne5+ 24. Kf4 Nc4 25. b3 Nb6 26. Nd5
Nxd5+ 27. Rxd5 Rad8 28. Rxd8 Rxd8 29. Kxf5 Rd5+ 30. Ke6 Rxh5 31. Kd7 Rc5 32.
b4 Rb5 33. a3 c6 34. f4 Rf5 35. Ke6 Rf6+ 36. Kd7 h5 37. Kc7 Rf7+ 38. Kd6 h4
39. f5 Rf6+ 40. Ke5 h3 41. Rh1 Rh6 42. Kf4 h2 43. Kg3 Kf7 44. Rxh2 Rxh2 45.
Kxh2 Kf6 {White resigns} 0-1

[Event "ICC tourney 1955 (60 10)"]
[Site "Internet Chess Club"]
[Date "2020.08.09"]
[Round "7"]
[White "Sricharan07"]
[Black "AlexEmmons"]
[Result "1/2-1/2"]
[ICCResult "Game drawn by mutual agreement"]
[WhiteElo "1892"]
[BlackElo "2028"]
[Opening "Sicilian: Alapin's variation (2.c3)"]
[ECO "B22"]
[NIC "SI.47"]
[Time "12:03:29"]
[TimeControl "3600+10"]

1. e4 c5 2. c3 Nf6 3. e5 Nd5 4. d4 cxd4 5. cxd4 d6 6. Nf3 Nc6 7. Bc4 Nb6 8.
Bb5 Bd7 9. exd6 e6 10. O-O Bxd6 11. Nc3 Ne7 12. Bg5 Bxb5 13. Nxb5 O-O 14.
Rc1 h6 15. Bxe7 Bxe7 16. Qe2 Nd5 17. Nc3 a6 18. Nxd5 Qxd5 19. b3 Ba3 20. Rc2
Rac8 21. Rd1 b5 22. h3 Rxc2 23. Qxc2 Qb7 24. Qd2 Rc8 25. Ne5 Qc7 26. Nf3 Qc3
27. Qxc3 Rxc3 28. d5 exd5 29. Rxd5 Rc1+ 30. Kh2 Rc2 31. Rd2 Rc1 32. g3 Bb4
33. Re2 Bc3 34. Kg2 Ra1 35. Rc2 b4 36. Ng1 Kf8 37. Ne2 Be5 38. Kf3 Ke7 39.
Ke4 Kd6 40. Rd2+ Ke6 41. Nf4+ Bxf4 42. Kxf4 a5 43. h4 Rc1 44. Ke4 Rc5 45.
Kd4 Rd5+ 46. Ke3 Rxd2 47. Kxd2 h5 48. f3 f5 49. Kd3 Ke5 50. f4+ Kd5
{Game drawn by mutual agreement}
1/2-1/2

[Event "ICC tourney 1955 (60 10)"]
[Site "Internet Chess Club"]
[Date "2020.08.09"]
[Round "7"]
[White "alecchung3"]
[Black "carlsthe1"]
[Result "0-1"]
[ICCResult "White resigns"]
[WhiteElo "1841"]
[BlackElo "2098"]
[Opening "English: Bremen, reverse dragon"]
[ECO "A22"]
[NIC "EO.10"]
[Time "12:02:33"]
[TimeControl "3600+10"]

1. c4 e5 2. Nc3 Nf6 3. g3 d5 4. cxd5 Nxd5 5. Bg2 Nb6 6. Nf3 Nc6 7. O-O Be7
8. d3 Be6 9. Be3 O-O 10. Ne4 Nd5 11. Bc5 b6 12. Bxe7 Ndxe7 13. Neg5 Bf5 14.
Nh4 Bc8 15. Rc1 Bb7 16. Qa4 h6 17. Ne4 Nd4 18. Nf6+ gxf6 19. Bxb7 Nxe2+ 20.
Kg2 Nxc1 21. Qg4+ Kh8 22. Qh5 Kg7 23. Qg4+ Kh8 24. Qh5 Qxd3 25. Rxc1 Rae8
26. Qxh6+ Qh7 27. Qxf6+ Qg7 28. Qf3 c5 29. Qh5+ Qh7 30. Qxe5+ Kg8 31. Rc4
Ng6 32. Qg5 Re5 33. Qf6 Re6 34. Qg5 Rfe8 35. Bd5 Re5 36. Qd2 Qg7 37. Qd3 Ne7
38. Bf3 Kf8 39. Rg4 Rg5 40. Rf4 Qe5 41. Re4 Qxb2 42. Qd6 Qg7 43. Re3 Qd4 44.
Qh6+ Qg7 45. Qd6 Qh7 46. Bc6 Qxh4 47. Bxe8 Rd5 48. gxh4 Rxd6 49. Bb5 Nf5 50.
Re4 Rg6+ 51. Kf1 Nd6 52. Bd3 Nxe4 53. Bxe4 Rg4 54. Bf5 Rxh4 55. h3 b5 56.
Ke2 c4 57. Kd2 Rf4 58. Bd7 Rxf2+ 59. Kc3 Rf3+ 60. Kc2 b4 61. Bg4 Rf2+ 62.
Kb1 f5 63. Bh5 f4 64. h4 Rh2 {White resigns} 0-1

[Event "ICC tourney 1955 (60 10)"]
[Site "Internet Chess Club"]
[Date "2020.08.09"]
[Round "7"]
[White "mydogeatschess"]
[Black "staxxknight"]
[Result "0-1"]
[ICCResult "White checkmated"]
[WhiteElo "1878"]
[BlackElo "1844"]
[Opening "Scandinavian defense"]
[ECO "B01"]
[NIC "SD.03"]
[Time "12:03:33"]
[TimeControl "3600+10"]

1. e4 d5 2. exd5 Nf6 3. Bb5+ Nbd7 4. Nf3 Nxd5 5. d4 c6 6. Bd3 N7f6 7. a3 Bg4
8. c4 Nb6 9. Be3 e6 10. Nbd2 Be7 11. Qc2 Bxf3 12. Nxf3 O-O 13. O-O h6 14.
Rfe1 Qc7 15. Ne5 c5 16. dxc5 Bxc5 17. Bxc5 Qxc5 18. b4 Qc7 19. Qe2 Rad8 20.
Rac1 Nbd7 21. f4 a5 22. c5 axb4 23. axb4 Nd5 24. Qe4 N7f6 25. Qc4 Nd7 26.
Bb1 Nxe5 27. fxe5 Qe7 28. Qe4 g6 29. h4 h5 30. g3 Ra8 31. Re2 Ra3 32. Kh2
Rfa8 33. Rd2 Re3 34. Qd4 Raa3 35. Rd3 Re2+ 36. Kh3 Ra4 37. Rb3 g5 38. hxg5
Qxg5 39. Qd3 Qg4# {White checkmated} 0-1

[Event "ICC tourney 1955 (60 10)"]
[Site "Internet Chess Club"]
[Date "2020.08.09"]
[Round "7"]
[White "sushi96"]
[Black "IAlwaysWin"]
[Result "1-0"]
[ICCResult "Black forfeits on time"]
[WhiteElo "2025"]
[BlackElo "2119"]
[Opening "QGD: Charousek (Petrosian) variation"]
[ECO "D31"]
[NIC "QO.05"]
[Time "12:03:33"]
[TimeControl "3600+10"]

1. d4 d5 2. c4 e6 3. Nc3 Be7 4. cxd5 exd5 5. Bf4 c6 6. Qc2 Nf6 7. e3 O-O 8.
Bd3 a5 9. Nge2 Na6 10. a3 Bg4 11. O-O Nc7 12. Ng3 Nce8 13. h3 Be6 14. Nf5
Bxf5 15. Bxf5 Nd6 16. Bd3 Re8 17. Rac1 h6 18. Na4 Rc8 19. Qb3 b5 20. Nc5 Nc4
21. Qc3 Bxc5 22. dxc5 Ne4 23. Bxe4 Rxe4 24. Rfd1 a4 25. Rd4 Qe7 26. Bd6 Nxd6
27. cxd6 Qxd6 28. Rcd1 Rce8 29. Qc2 Qg6 30. Qc5 f5 31. Rc1 Rxd4 32. exd4 Re6
33. Qc3 f4 34. Kf1 Qe4 35. Re1 Qxe1+ 36. Qxe1 Rxe1+ 37. Kxe1 Kf7 38. Kd2 Ke6
39. Kc3 h5 40. h4 Kd6 41. Kb4 c5+ 42. Kxb5 cxd4 43. Kxa4 Ke5 44. Kb3 Ke4 45.
Kc2 d3+ 46. Kd2 Kd4 47. a4 {Black forfeits on time} 1-0

[Event "ICC tourney 1955 (60 10)"]
[Site "Internet Chess Club"]
[Date "2020.08.09"]
[Round "7"]
[White "cwelch231"]
[Black "Coolio9000"]
[Result "0-1"]
[ICCResult "White resigns"]
[WhiteElo "1690"]
[BlackElo "1859"]
[Opening "Queen's pawn game, Darooha variation "]
[ECO "D02"]
[NIC "QP.08"]
[Time "12:03:13"]
[TimeControl "3600+10"]

1. d4 d5 2. Nf3 Nf6 3. g3 Bf5 4. Bg2 e6 5. O-O Nc6 6. a3 Bd6 7. c4 dxc4 8.
Qa4 O-O 9. Nc3 Qe8 10. Re1 Ne4 11. Nh4 Nxc3 12. bxc3 Bg4 13. Rb1 Rb8 14.
Qxc4 Na5 15. Qa2 Qa4 16. Nf3 c5 17. Bd2 c4 18. Bc1 b5 19. Ne5 Bxe5 20. Rb4
Qb3 21. Rxb3 cxb3 22. Qb1 Bd6 23. h4 h6 24. Bf4 Bxf4 25. gxf4 Rfc8 26. f3
Bh5 27. Rc1 Rc4 28. Qb2 a6 29. Kf2 Rbc8 30. Bf1 Ra4 31. e4 Nc4 32. Bxc4 bxc4
33. Ke3 Bg6 34. Rg1 Re8 35. Qg2 h5 36. Qb2 Re7 37. Kd2 Kh7 38. Kc1 Kg8 39.
Kd2 Rb7 40. Ra1 Rd7 41. Kc1 Rb7 42. Kd2 Rd7 43. Rb1 Rb7 44. Kc1 Rd7 45. Qa1
Rb7 46. Kb2 Rb5 47. Rd1 Rba5 48. d5 exd5 49. Rxd5 Rxd5 50. exd5 Ra5 51. a4
Rxd5 52. Qe1 Rd3 53. Ka3 Rxf3 54. Qe8+ Kh7 55. Qe5 Rf2 56. Qe3 Ra2+ 57. Kb4
b2 58. f5 b1=Q+ 59. Kc5 Qxf5+ {White resigns} 0-1

[Event "ICC tourney 1955 (60 10)"]
[Site "Internet Chess Club"]
[Date "2020.08.09"]
[Round "7"]
[White "PearsonH"]
[Black "AJ2000"]
[Result "1-0"]
[ICCResult "Black forfeits on time"]
[WhiteElo "1782"]
[BlackElo "1697"]
[Opening "Queen's pawn: London system"]
[ECO "A45"]
[NIC "QP.07"]
[Time "12:02:26"]
[TimeControl "3600+10"]

1. d4 Nf6 2. Bf4 g6 3. Nc3 d5 4. e3 Bg7 5. Nf3 O-O 6. h3 c5 7. dxc5 Qa5 8.
Qd2 Qxc5 9. Na4 Qc6 10. Nc3 e6 11. Ne5 Qc5 12. Be2 Nc6 13. Nxc6 bxc6 14. Na4
Qe7 15. Qa5 e5 16. Bg5 Bf5 17. Bd3 Bxd3 18. cxd3 h6 19. Bh4 g5 20. Bg3 Nd7
21. Rc1 Rfc8 22. Nc5 Nxc5 23. Rxc5 f5 24. f3 f4 25. Bf2 Rc7 26. O-O Rb8 27.
b3 Rbc8 28. e4 d4 29. Rfc1 Qd7 30. b4 Rb7 31. a3 Rb5 32. Qa6 Rxc5 33. Rxc5
Rc7 34. Qc4+ Kh8 35. b5 Qd6 36. Rxc6 Rxc6 37. bxc6 Qc7 38. Be1 Bf8 39. a4
Ba3 40. Qb5 Bd6 41. Ba5 Qc8 42. Kf1 Kg7 43. c7 Kf6 44. Qc6 Ke6 45. Bb4 Qxc7
46. Qd5+ Kf6 47. Qxd6+ {Black forfeits on time} 1-0

[Event "ICC tourney 1955 (60 10)"]
[Site "Internet Chess Club"]
[Date "2020.08.09"]
[Round "7"]
[White "Joshua1"]
[Black "Mulan2009"]
[Result "1-0"]
[ICCResult "Black resigns"]
[WhiteElo "1875"]
[BlackElo "1594"]
[Opening "QGD: 3.Nc3"]
[ECO "D31"]
[NIC "QP.08"]
[Time "12:02:41"]
[TimeControl "3600+10"]

1. d4 d5 2. c4 e6 3. Nc3 dxc4 4. e3 c5 5. Bxc4 cxd4 6. exd4 a6 7. Bb3 Nc6 8.
Nf3 Nf6 9. O-O Bb4 10. Bg5 h6 11. Bh4 O-O 12. Qd2 Be7 13. Rfe1 Nh7 14. Bxe7
Nxe7 15. d5 Nxd5 16. Nxd5 exd5 17. Qxd5 Qxd5 18. Bxd5 Nf6 19. Bb3 Bg4 20.
Re7 Bxf3 21. gxf3 b5 22. Rc1 Rac8 23. Rxc8 Rxc8 24. Rxf7 Kh8 25. Ra7 Rc6 26.
f4 g6 27. Kg2 Nh5 28. Kf3 Rf6 29. Rf7 Rxf7 30. Bxf7 Kg7 31. Be8 Kf6 32. b4
Ng7 33. Bd7 Ke7 34. Bc8 Kd6 35. Bxa6 Ne6 36. Ke4 Nc7 37. Bb7 Ne8 38. Kd4 Nf6
39. Bf3 Nd7 40. Be2 Kc6 41. Ke4 Nf6+ 42. Ke5 Nd7+ 43. Ke6 Nb6 44. Bf3+ Kc7
45. Kf6 Kd6 46. Kxg6 Na4 47. f5 Nc3 48. f6 Nxa2 49. f7 Nxb4 50. f8=Q+ Ke5
51. Qxb4 h5 52. Qe4+ Kd6 53. Qd5+ Kc7 54. Qc6+ Kd8 55. Kf7 h4 56. Ke6
{Black resigns}
1-0

[Event "ICC tourney 1955 (60 10)"]
[Site "Internet Chess Club"]
[Date "2020.08.09"]
[Round "7"]
[White "Almanac2050"]
[Black "AVS"]
[Result "0-1"]
[ICCResult "White checkmated"]
[WhiteElo "1501"]
[BlackElo "1843"]
[Opening "Giuoco Piano"]
[ECO "C53"]
[NIC "IG.02"]
[Time "12:03:14"]
[TimeControl "3600+10"]

1. e4 e5 2. Nf3 Nc6 3. Bc4 Bc5 4. c3 d6 5. d4 exd4 6. cxd4 Bb4+ 7. Bd2 Bxd2+
8. Nbxd2 Nf6 9. h3 O-O 10. O-O d5 11. exd5 Nxd5 12. Bb3 Be6 13. Ne4 Rb8 14.
Rc1 Nf4 15. Bxe6 fxe6 16. Re1 Qd5 17. Rc5 Qxa2 18. Neg5 h6 19. Qc2 hxg5 20.
Nxg5 g6 21. Rxe6 Rf7 22. d5 Nd4 23. Qe4 Nde2+ 24. Kh2 Qa1 25. Rxg6+ Kf8 26.
Nh7+ Rxh7 27. Rf6+ Kg8 28. Rg6+ Nxg6 29. Qxg6+ Rg7 30. Qe6+ Kh7 31. Qf5+ Kg8
32. Qe6+ Kf8 33. Qf6+ Ke8 34. Qe6+ Re7 35. Qg6+ Kd7 36. Rxc7+ Kxc7 37. d6+
Kd7 38. dxe7 Qg1# {White checkmated} 0-1

[Event "ICC tourney 1955 (60 10)"]
[Site "Internet Chess Club"]
[Date "2020.08.09"]
[Round "7"]
[White "orangeman"]
[Black "Yucheng"]
[Result "1/2-1/2"]
[ICCResult "Game drawn by repetition"]
[WhiteElo "1990"]
[BlackElo "1879"]
[Opening "QGD: Chigorin defense"]
[ECO "D07"]
[NIC "QP.08"]
[Time "12:03:45"]
[TimeControl "3600+10"]

1. d4 d5 2. c4 Nc6 3. cxd5 Qxd5 4. e3 e5 5. Nc3 Bb4 6. a3 Bxc3+ 7. bxc3 Nf6
8. c4 Qd6 9. d5 Nb8 10. a4 Na6 11. Ba3 Nc5 12. Nf3 Nfd7 13. Nd2 Qg6 14. Nf3
Qd6 15. Be2 O-O 16. O-O b6 17. Qc2 Qg6 18. Qxg6 hxg6 19. Bxc5 bxc5 20. Nd2
Ba6 21. Rfb1 Rab8 22. a5 Rb4 23. Rxb4 cxb4 24. Nb3 Rb8 25. Kf1 Kf8 26. e4 f5
27. f3 fxe4 28. fxe4 Nf6 29. Nc5 Bc8 30. Rb1 Ke7 31. Bd3 Kd6 32. Nb3 Nd7 33.
c5+ Nxc5 34. Nxc5 Kxc5 35. Rc1+ Kd6 36. Rc6+ Kd7 37. Rxg6 b3 38. Rxg7+ Kd6
39. Ke1 b2 40. Bb1 Rb5 41. Kd2 Rc5 42. Rg6+ Kd7 43. Rc6 Rxc6 44. dxc6+ Kxc6
45. Kc3 Kb5 46. Kxb2 Kc4 47. Kc2 Kd4 48. Kd2 Bb7 49. h4 Bxe4 50. Bxe4 Kxe4
51. h5 Kf5 52. g4+ Kg5 53. Kd3 c5 54. Kd2 Kh6 55. Kd3 Kg5 56. Ke4 c4 57. Ke3
Kh6 58. Ke4 Kg5 59. Ke3 Kh6 60. Kd2 e4 61. Ke2 c3 62. Ke3 Kg5 63. Ke2 Kh6
64. Ke3 Kg5 65. Ke2 Kh6 66. Ke3 Kg5 67. Ke2 Kh6 {Game drawn by repetition}
1/2-1/2

[Event "ICC tourney 1955 (60 10)"]
[Site "Internet Chess Club"]
[Date "2020.08.09"]
[Round "7"]
[White "Alexbander"]
[Black "geowhiz27"]
[Result "1/2-1/2"]
[ICCResult "Game drawn by mutual agreement"]
[WhiteElo "1722"]
[BlackElo "1783"]
[Opening "English opening"]
[ECO "D35"]
[NIC "EO.64"]
[Time "12:02:51"]
[TimeControl "3600+10"]

1. c4 e6 2. Nc3 d5 3. cxd5 exd5 4. d4 Nf6 5. g3 Bd6 6. Bg2 c6 7. Nf3 Bf5 8.
O-O O-O 9. Nh4 Be6 10. b3 Qd7 11. Bb2 Bh3 12. Rc1 Na6 13. Nf3 Qg4 14. Na4
Ne4 15. Ne5 Qh5 16. e3 Qxd1 17. Rfxd1 Bxg2 18. Kxg2 f6 19. Nd7 Rf7 20. Ndc5
Naxc5 21. Nxc5 Nxc5 22. dxc5 Bc7 23. Rc2 Be5 24. Bd4 Re8 25. Rcd2 Rfe7 26.
Kf3 f5 27. Bxe5 Rxe5 28. Rd4 Re4 29. Rxe4 Rxe4 30. Rd4 Kf7 31. Rxe4 dxe4+
32. Kf4 Kf6 33. g4 g5+ 34. Kg3 h6 35. h4 Ke5 36. gxf5 Kxf5 37. hxg5 hxg5 38.
Kh3 Kf6 39. Kg4 Kg6 40. Kg3 Kf6 41. Kg4 Kg6 {Game drawn by mutual agreement}
1/2-1/2

[Event "ICC tourney 1955 (60 10)"]
[Site "Internet Chess Club"]
[Date "2020.08.09"]
[Round "7"]
[White "Aniketshukla"]
[Black "alkanet"]
[Result "0-1"]
[ICCResult "White checkmated"]
[WhiteElo "1999"]
[BlackElo "2174"]
[Opening "Giuoco Piano"]
[ECO "C54"]
[NIC "IG.02"]
[Time "12:02:58"]
[TimeControl "3600+10"]

1. e4 e5 2. Nf3 Nc6 3. Bc4 Bc5 4. c3 Nf6 5. d3 O-O 6. O-O d6 7. Re1 a6 8.
Bb3 h6 9. Nbd2 Re8 10. Nf1 Be6 11. Bc2 Bb6 12. Ng3 d5 13. Qe2 Qe7 14. Nh4
dxe4 15. Nhf5 Qc5 16. dxe4 Bc4 17. Qf3 Ng4 18. Nh1 h5 19. h3 Nf6 20. Nhg3
Ne7 21. Be3 Qc6 22. Nxe7+ Rxe7 23. Bg5 Rd7 24. b3 Nh7 25. Bc1 Be6 26. Nxh5
Nf8 27. Ng3 Ng6 28. Ne2 f6 29. Qg3 Kf7 30. Be3 Ba5 31. b4 Bxb4 32. Bc1 Bc5
33. Be3 Bxe3 34. Qxe3 Rad8 35. Rec1 Bc4 36. Ng3 Nf4 37. Rd1 Rxd1+ 38. Rxd1
Rxd1+ 39. Bxd1 Bxa2 40. Nf5 Be6 41. Nh4 Qb6 42. Qd2 Qb1 43. Kh2 Qxe4 44. g3
Qd3 45. Qe1 Nxh3 46. Be2 Qc2 47. Bh5+ Ke7 48. Kg2 Ng5 49. Ng6+ Kd8 50. Nf8
Bd5+ 51. Kh2 Ne4 52. Kg1 Nxg3 53. Bd1 Qe4 54. Ne6+ Bxe6 55. Qd2+ Bd5 56. f3
Qc4 57. Kg2 Nh5 58. Kf2 Nf4 59. Kg3 Qd3 60. Qh2 Qxd1 61. Qh8+ Ke7 62. Qxg7+
Bf7 63. Kf2 Qe2+ 64. Kg1 Qe1+ 65. Kh2 Qf2+ 66. Kh1 Qxf3+ 67. Kg1 Ne2+ 68.
Kh2 Qf2+ 69. Kh3 Nf4+ 70. Kg4 Qg2+ 71. Kf5 Qxg7 72. Ke4 Bd5+ 73. Ke3 Qg3+
74. Kd2 Qf2+ 75. Kc1 Nd3+ 76. Kd1 Bb3# {White checkmated} 0-1